Map: [ESL] Oceanborn

Players

GuMiho - Winner!

  • Race: Terran Terran
  • Spawn Location: 11:00

NightMare

  • Race: Protoss Protoss
  • League: Master
  • Spawn Location: 5:00

Event: IEM Katowice 2024

VOD

Have the link to the VOD?

Description

Time

  • Played on: Dec. 9, 2023, 8:47 p.m.
  • Length: 19:54

All games in this series

Show
View Real Time Build Order
Export as new Build Order

GuMiho Terran - Winner!

Build Orders: Cyclone Opening 

Get SALT Encoding   

  12  0:00  SCV  
  13  0:12  SCV  
  14  0:17  Supply Depot  
  14  0:24  SCV  
  15  0:38  SCV  
  15  0:41  Barracks  
  15  0:42  Refinery  
  16  0:50  SCV  
  16  0:52  Refinery  
  17  1:02  SCV  
  18  1:14  SCV  
  19  1:29  Orbital Command  
  19  1:30  Reaper  
  20  1:37  Supply Depot  
  20  1:41  Factory  
  20  1:55  SCV  
  21  2:02  Barracks Reactor  
  21  2:07  SCV  
  22  2:17  Command Center  
  22  2:19  SCV  
  23  2:25  Cyclone  
  25  2:31  SCV  
  25  2:34  Supply Depot  
  26  2:38  Marine  
  26  2:39  Marine  
  26  2:43  SCV  
  29  2:51  Starport  
  29  2:56  Marine, SCV  
  29  2:57  Marine  
  32  3:06  Cyclone  
  32  3:09  SCV  
  35  3:14  Marine  
  35  3:15  Marine  
  37  3:21  SCV  
  38  3:32  Medivac  
  38  3:33  Marine, SCV  
  38  3:34  Marine  
  43  3:38  Orbital Command  
  43  3:40  Factory Tech Lab  
  43  3:45  SCV  
  43  3:51  Marine  
  43  3:52  Marine  
  43  3:54  Supply Depot  
  45  3:57  SCV  
  45  4:04  Siege Tank  
  45  4:05  SCV  
  45  4:09  Starport Tech Lab, SCV  
  49  4:11  Marine x2  
  52  4:17  SCV  
  52  4:20  Barracks  
  52  4:21  SCV  
  53  4:28  Marine  
  53  4:29  SCV, Marine, Refinery  
  56  4:31  Raven  
  56  4:33  SCV  
  59  4:41  SCV  
  59  4:45  SCV, Supply Depot  
  60  4:49  Barracks  
  61  4:53  SCV  
  62  5:06  SCV, Supply Depot  
  62  5:07  Supply Depot, Engineering Bay  
  63  5:08  SCV  
  63  5:10  Siege Tank  
  67  5:15  Refinery  
  67  5:17  Stimpack  
  67  5:18  Starport Reactor, Marauder, SCV  
  70  5:24  Supply Depot  
  70  5:27  SCV  
  71  5:29  Marine x2  
  71  5:30  SCV  
  71  5:31  Supply Depot  
  71  5:35  Terran Infantry Weapons Level 1  
  74  5:40  SCV  
  74  5:41  Marauder  
  77  5:48  Combat Shield, Marauder  
  77  5:49  Marine x2  
  81  5:51  Factory Reactor  
  81  5:52  SCV x2  
  83  5:57  Medivac  
  83  5:59  Medivac  
  83  6:02  Supply Depot  
  87  6:05  Marauder  
  87  6:09  Marauder  
  91  6:16  Command Center  
  91  6:22  Marine  
  92  6:26  Marauder  
  92  6:27  Marine  
  92  6:31  Marauder  
  92  6:32  Widow Mine x2  
  101  6:33  Medivac x2  
  105  6:44  SCV x2  
  107  6:48  Marauder  
  109  6:57  Marauder  
  106  7:06  SCV, Concussive Shells  
  106  7:07  SCV  
  108  7:09  Marauder  
  108  7:10  Supply Depot  
  108  7:13  Barracks x2, Supply Depot  
  110  7:27  Marauder  
  110  7:29  Orbital Command  
  112  7:30  Marauder, Marine x2  
  112  7:33  SCV x2  
  118  7:38  Viking x2  
  118  7:39  Orbital Command  
  122  7:45  SCV x2  
  122  7:49  Marauder  
  122  7:51  Widow Mine x2  
  129  7:52  Marauder  
  129  7:53  Marine x2  
  129  7:57  SCV  
  134  8:03  SCV  
  134  8:05  Barracks Tech Lab  
  134  8:06  Barracks Reactor  
  134  8:09  SCV  
  133  8:20  Marauder x2, Marine x2  
  133  8:23  Ghost Academy  
  133  8:26  Armory, Supply Depot, SCV x2  
  141  8:28  Missile Turret  
  141  8:37  SCV  
  130  8:42  Marauder x2  
  130  8:46  Marauder, Marine x4  
  134  8:50  SCV x2  
  136  9:03  Marine  
  136  9:04  Marine x3, Marauder  
  136  9:08  Marauder  
  138  9:16  Marine  
  130  9:20  Ghost  
  130  9:22  Marine x2  
  134  9:24  Ghost  
  134  9:28  Ghost  
  138  9:34  Viking  
  132  9:43  Marine  
  112  9:48  Marine  
  112  9:50  Marauder  
  112  9:52  Marine  
  99  9:54  Marine, Marauder  
  99  9:58  Marauder  
  100  10:01  Marine  
  100  10:02  Medivac  
  100  10:05  Marine  
  95  10:10  Marine  
  95  10:11  Marauder  
  95  10:12  SCV, Marine  
  95  10:13  SCV x2  
  98  10:15  Marauder  
  98  10:19  Marauder  
  98  10:21  Medivac  
  104  10:23  Command Center  
  104  10:24  SCV  
  104  10:25  SCV x2  
  104  10:26  Marine x2  
  104  10:28  Marine  
  109  10:29  Widow Mine x2  
  109  10:33  Marauder  
  114  10:36  Marauder, Marine  
  114  10:39  Refinery  
  114  10:40  Supply Depot, Refinery  
  114  10:41  Marauder  
  114  10:42  Supply Depot  
  119  10:43  Supply Depot  
  119  10:44  Marine  
  119  10:46  Terran Infantry Weapons Level 2  
  120  10:50  Engineering Bay  
  120  10:53  Marine x2  
  120  10:54  Marauder  
  120  10:55  Marine  
  127  10:57  Widow Mine  
  127  10:58  Marauder  
  127  11:01  Marine, Widow Mine  
  127  11:02  Marauder  
  122  11:14  Viking x2  
  122  11:17  Marauder, Marine x2  
  128  11:19  Marauder  
  128  11:24  Terran Infantry Armor Level 1  
  128  11:26  Widow Mine x2  
  132  11:33  Marauder, Marine x2  
  132  11:38  Marine, Marauder  
  132  11:39  Marine  
  140  11:40  Marauder  
  140  11:44  Barracks, Medivac x2  
  140  11:46  Barracks  
  146  11:47  Barracks  
  146  11:51  Marine  
  146  11:52  Missile Turret  
  146  11:53  Marine  
  148  11:55  Marauder  
  148  11:56  Marine  
  148  12:00  Marauder  
  148  12:02  Marauder  
  144  12:16  Marine x2  
  144  12:17  Marauder  
  145  12:25  Widow Mine x2  
  145  12:27  Medivac x2  
  145  12:29  Marauder, Marine x2  
  155  12:33  Barracks, SCV x2  
  155  12:34  SCV  
  117  12:51  Marauder  
  117  12:55  Marauder, Marine x3  
  117  12:56  Marauder  
  117  12:57  Viking x2, Marine  
  117  12:58  Marine  
  124  13:13  Marine x2  
  124  13:16  Marine  
  124  13:18  Ghost x3  
  132  13:21  Terran Infantry Weapons Level 3  
  132  13:24  Terran Infantry Armor Level 2  
  130  13:37  Planetary Fortress  
  130  13:39  Marine  
  131  13:47  Marauder x3  
  137  13:51  Viking  
  137  13:52  Viking  
  141  13:56  Barracks Tech Lab x2  
  141  13:57  Marine  
  141  13:59  Marine  
  141  14:00  Marine  
  144  14:07  Barracks Tech Lab  
  144  14:09  Marauder  
  146  14:12  Marine  
  150  14:19  Ghost x2  
  148  14:25  Ghost  
  148  14:26  Sensor Tower  
  148  14:28  SCV  
  148  14:29  SCV  
  152  14:32  Personal Cloaking  
  152  14:39  Viking  
  152  14:41  Viking  
  156  14:54  Marine x2  
  156  14:55  Marine, Marauder x3  
  156  14:58  Missile Turret  
  165  15:00  Marauder  
  163  15:10  Command Center  
  163  15:15  Marauder x2  
  167  15:23  Refinery  
  167  15:24  Terran Ship Weapons Level 1, Refinery  
  167  15:25  Viking  
  167  15:28  Viking  
  171  15:34  Marauder x2  
  173  15:39  Marauder x2  
  173  15:41  Marauder  
  179  15:45  SCV x2  
  181  15:52  Widow Mine x2  
  185  15:58  Supply Depot  
  185  15:59  Supply Depot  
  185  16:07  Marine  
  185  16:13  Terran Infantry Armor Level 3  
  185  16:14  Marauder x2  
  185  16:16  Marine  
  188  16:20  Marine x2  
  157  16:41  Ghost x2  
  142  16:50  Marauder x2, Marine  
  142  16:51  Marauder x2  
  122  16:55  Marine x3  
  110  17:04  Medivac x2  
  110  17:05  Widow Mine  
  110  17:08  Marine  
  117  17:10  Marauder x2  
  117  17:11  Planetary Fortress, Marauder x2  
  117  17:12  Marine  
  117  17:13  Marauder x2  
  130  17:19  Terran Ship Weapons Level 2  
  128  17:29  Marine x2  
  130  17:30  Marine  
  130  17:31  Marine  
  130  17:32  Ghost, Marauder x2  
  142  17:45  Ghost  
  142  17:46  Ghost x2  
  142  17:50  Orbital Command  
  144  17:52  Ghost, Marine x2  
  148  18:04  Marauder x2, Marine  
  148  18:05  SCV x2  
  155  18:07  Marine  
  155  18:10  Marine x2  
  158  18:14  Marine  
  158  18:15  Marauder x2  
  158  18:17  SCV  
  164  18:21  Marine  
  164  18:22  Marauder  
  164  18:25  Marauder x2, Marine  
  164  18:26  Medivac  
  174  18:29  Medivac  
  176  18:34  Marauder, Marine x2  
  176  18:38  Marauder  
  176  18:40  Marauder, Marine  
  182  18:56  Medivac  
  182  18:58  Ghost x3  
  182  19:00  Marauder x2  
  182  19:01  Marauder  
  189  19:04  Marine x2  
  191  19:12  Marine x2  
  191  19:20  Medivac  
  191  19:21  Marauder  
  191  19:22  Marauder  
  191  19:23  Marauder  
Show
View Real Time Build Order
Export as new Build Order

NightMare Protoss 

Build Orders: 1 Gate Expand 

Get SALT Encoding   

  12  0:00  Probe  
  13  0:12  Probe  
  14  0:17  Pylon  
  14  0:24  Probe (Chrono Boost)  
  15  0:36  Gateway  
  15  0:37  Probe (Chrono Boost)  
  16  0:43  Assimilator  
  16  0:45  Probe (Chrono Boost)  
  17  0:52  Probe  
  18  1:05  Probe  
  19  1:17  Probe  
  20  1:24  Cybernetics Core  
  22  1:29  Probe  
  21  1:35  Nexus  
  21  1:41  Pylon  
  21  1:44  Probe  
  22  1:50  Assimilator  
  22  1:56  Probe  
  22  1:58  Adept (Chrono Boost)  
  22  1:59  Warp Gate (Chrono Boost)  
  26  2:08  Probe  
  26  2:13  Pylon  
  26  2:18  Adept (Chrono Boost)  
  26  2:20  Probe  
  29  2:31  Gateway  
  29  2:35  Probe  
  30  2:45  Gateway  
  30  2:47  Probe  
  30  2:49  Probe  
  32  2:57  Stalker  
  34  3:00  Probe  
  34  3:03  Probe  
  36  3:12  Probe  
  37  3:14  Shield Battery  
  37  3:15  Probe  
  38  3:22  Robotics Facility  
  38  3:24  Probe  
  39  3:27  Probe  
  40  3:37  Probe  
  40  3:39  Probe  
  40  3:40  Adept x2  
  40  3:41  Adept  
  48  3:49  Pylon, Probe  
  48  3:52  Probe  
  50  3:59  Twilight Council  
  46  4:11  Stalker x3  
  46  4:12  Probe x2  
  54  4:19  Observer (Chrono Boost)  
  54  4:23  Pylon  
  56  4:24  Probe x2  
  56  4:29  Assimilator  
  57  4:31  Assimilator  
  57  4:34  Pylon  
  57  4:35  Charge (Chrono Boost)  
  57  4:41  Probe x2  
  59  4:56  Stalker x2  
  59  4:58  Gateway  
  59  4:59  Gateway  
  63  5:02  Gateway  
  63  5:06  Templar Archives  
  63  5:09  Gateway  
  63  5:14  Probe x2  
  63  5:15  Pylon  
  63  5:18  Gateway  
  65  5:22  Psionic Storm  
  65  5:27  Warp Prism (Chrono Boost)  
  65  5:35  Pylon  
  67  5:44  High Templar  
  67  5:46  Zealot  
  71  5:55  Nexus  
  71  5:57  High Templar  
  72  5:59  Pylon  
  72  6:01  Zealot  
  74  6:07  High Templar  
  74  6:08  Zealot  
  78  6:11  Zealot  
  78  6:13  Pylon  
  78  6:14  Probe  
  78  6:17  Probe  
  82  6:24  High Templar  
  82  6:25  Zealot x2  
  86  6:29  Pylon  
  84  6:36  Shield Battery  
  84  6:48  Zealot x6  
  84  6:50  Observer (Chrono Boost)  
  89  7:01  Zealot  
  89  7:06  Probe  
  89  7:07  Probe x2  
  94  7:08  Forge  
  94  7:10  Observer  
  94  7:12  Blink (Chrono Boost)  
  95  7:18  High Templar, Zealot x2  
  95  7:19  Zealot  
  103  7:29  High Templar  
  105  7:32  Zealot x2  
  109  7:39  Zealot x3  
  109  7:43  Protoss Ground Weapons Level 1 (Chrono Boost)  
  115  7:48  Observer  
  115  7:54  Zealot x3  
  115  7:55  Probe x3  
  122  8:05  Zealot x2  
  124  8:07  Probe x3  
  124  8:12  Robotics Bay  
  125  8:16  Pylon x2  
  122  8:23  High Templar  
  122  8:24  Pylon  
  122  8:25  Probe  
  125  8:32  Photon Cannon  
  125  8:34  Photon Cannon, Probe x2  
  125  8:43  Probe  
  125  8:45  High Templar x3  
  125  8:46  Zealot x3, Warp Prism (Chrono Boost), Probe x2  
  134  8:57  Zealot  
  131  9:06  Nexus  
  127  9:14  Zealot x3  
  108  9:28  Zealot x4  
  110  9:40  Probe x2  
  100  9:49  Archon  
  82  9:53  Zealot x2  
  82  9:54  Zealot x4, High Templar  
  82  9:58  Observer (Chrono Boost)  
  85  10:01  Archon  
  75  10:12  Colossus (Chrono Boost)  
  71  10:16  Zealot x6  
  71  10:18  Protoss Ground Weapons Level 2  
  71  10:20  Gateway  
  85  10:25  Assimilator  
  85  10:26  Assimilator  
  85  10:29  Nexus  
  85  10:34  High Templar  
  87  10:36  Extended Thermal Lance  
  87  10:40  Zealot x4  
  87  10:41  High Templar  
  97  10:45  High Templar  
  97  10:49  Colossus (Chrono Boost)  
  105  11:03  Stalker x3  
  101  11:12  Stalker x2  
  99  11:22  Zealot x3  
  99  11:25  Probe x3  
  108  11:27  Pylon  
  108  11:31  High Templar x3  
  114  11:34  Warp Prism (Chrono Boost)  
  116  11:40  Probe x3  
  116  11:42  High Templar  
  116  11:46  Shield Battery  
  121  11:48  Probe  
  121  11:52  Probe x2  
  102  12:19  Zealot x8  
  111  12:31  Observer (Chrono Boost)  
  111  12:34  Nexus  
  111  12:35  Pylon  
  102  12:53  Zealot x8  
  106  13:08  Probe  
  106  13:09  Probe x2  
  106  13:11  Shield Battery  
  109  13:14  Protoss Ground Weapons Level 3 (Chrono Boost)  
  109  13:17  High Templar x2  
  109  13:18  High Templar x6  
  125  13:21  Observer (Chrono Boost)  
  125  13:22  Observer  
  126  13:34  Colossus (Chrono Boost)  
  124  13:52  Stalker  
  124  13:53  Stalker x6  
  136  13:56  Zealot  
  138  14:05  Probe x2  
  138  14:06  Probe  
  141  14:11  Gravitic Drive (Chrono Boost), Pylon  
  141  14:17  Zealot x2  
  145  14:34  Observer (Chrono Boost)  
  145  14:35  Robotics Facility, High Templar x3  
  151  14:40  Zealot x5  
  161  14:51  Observer  
  161  15:01  Pylon  
  149  15:09  Zealot x8  
  165  15:15  Observer (Chrono Boost)  
  165  15:21  Stargate  
  166  15:24  Nexus, Probe x4  
  166  15:25  Assimilator, Pylon  
  166  15:27  Assimilator  
  170  15:33  Warp Prism (Chrono Boost)  
  160  15:35  Protoss Air Weapons Level 1  
  162  15:46  Stalker x2  
  162  15:47  Stalker x2  
  170  15:50  Pylon  
  170  15:51  Zealot  
  172  15:58  Probe x4  
  172  16:01  Observer  
  172  16:02  Zealot x3  
  172  16:03  Observer  
  172  16:04  Observer  
  182  16:09  Shield Battery  
  180  16:23  Gravitic Boosters  
  176  16:36  Stalker x6  
  176  16:37  Stalker x2  
  168  16:43  Archon x2  
  114  16:59  Colossus (Chrono Boost)  
  114  17:00  Zealot x8  
  108  17:08  Colossus (Chrono Boost)  
  114  17:24  High Templar  
  114  17:25  High Templar x3  
  114  17:27  High Templar x4  
  129  17:42  Observer  
  129  17:52  Pylon  
  129  18:00  Zealot x8  
  129  18:02  Colossus (Chrono Boost)  
  129  18:03  Colossus (Chrono Boost)  
  144  18:10  Nexus  
  144  18:11  Pylon  
  156  18:15  Photon Cannon  
  156  18:16  Photon Cannon x2  
  156  18:19  Observer  
  155  18:27  Zealot  
  155  18:35  Zealot  
  155  18:38  Observer  
  157  18:41  Observer  
  157  18:42  Observer  
  157  18:43  Stalker x6  
  168  18:50  Stalker  
  152  19:03  Observer, Zealot  
  146  19:18  Zealot x7  
  146  19:23  Nexus  
  150  19:24  Pylon  
  150  19:27  Archon  
  106  19:39  Zealot x8  
  99  19:50  Zealot x3  

Tags
 
Add a new tag
Caveats
  • Supply blocks, unpowered buildings, or Contaminate may cause inaccurate times.
  • Supply counts are checked every 10 seconds.